 Dungeon Crawl Stone Soup version 0.27.0 (webtiles) character file.

Game seed: 10552521254118808609

133 mandarbmax the Cudgeller (level 5, -1/35 HPs)
             Began as a Gargoyle Fighter on July 30, 2021.
             Was a Believer of Sif Muna.
             Slain by an orc (2 damage)
             ... on level 3 of the Dungeon.
             The game lasted 00:03:41 (3110 turns).

mandarbmax the Cudgeller (Gargoyle Fighter)         Turns: 3110, Time: 00:03:41

Health: -1/35      AC: 17    Str: 19    XL:     5   Next: 16%
Magic:  5/5        EV:  3    Int: 10    God:    Sif Muna [**....]
Gold:   157        SH:  9    Dex:  9    Spells: 4/4 levels left

rFire    . . .     SeeInvis .   a - +0 flail
rCold    . . .     Faith    .   c - +0 kite shield
rNeg     + . .     Spirit   .   n - +0 plate armour
rPois    ∞         Reflect  .   (no helmet)
rElec    +         Harm     .   (no cloak)
rCorr    .         Rampage  .   (no gloves)
Will     +....                  f - +0 pair of boots
Stlth    ..........             (no amulet)
HPRegen  0.11/turn              d - ring of willpower
MPRegen  0.09/turn              (no ring)

@: attractive, flying
A: sickness immunity, AC +4, negative energy resistance 1, electricity
resistance, torment resistance 1, petrification resistance, claws 1, hooves 1,
robust 1, shaggy fur 1
a: Renounce Religion, Channel Magic


You were on level 3 of the Dungeon.
You worshipped Sif Muna.
Sif Muna was pleased with you.
You visited 1 branch of the dungeon, and saw 3 of its levels.

You collected 157 gold pieces.

Inventory:

Hand Weapons
 a - a +0 flail (weapon)
Missiles
 h - an atropa-tipped dart (quivered)
 m - 2 javelins
Armour
 b - a +0 scale mail
 c - a +0 kite shield (worn)
 f - a +0 pair of boots (worn)
 n - a +0 plate armour (worn)
Jewellery
 d - a ring of willpower (left claw)
Scrolls
 e - 4 scrolls of identify {unknown}
 g - a scroll of amnesia {unknown}
 j - a scroll of noise {unknown}
 k - a scroll of fog {unknown}
 o - a scroll of immolation {unknown}
Potions
 l - a potion of mutation
 p - 2 potions of might


   Skills:
 - Level 3.2 Fighting
 + Level 5.2 Maces & Flails
 - Level 3.2 Armour
 - Level 3.2 Shields


You had 4 spell levels left.
You didn't know any spells.
Your spell library was empty.

Dungeon Overview and Level Annotations

Branches:
Dungeon (3/15)

Altars:
Qazlal
Sif Muna
Wu Jian


Innate Abilities, Weirdness & Mutations

You are immune to sickness and miasma.
Your stone body is resilient. (AC +4)
You are immune to poison.
You resist negative energy. (rN+)
You are resistant to electric shocks. (rElec)
You are resistant to unholy torment.
You are immune to petrification.
You have sharp fingernails.
You have large cloven feet.
You are robust. (+10% HP)
You are covered in fur. (AC +1)


Message History

The orc priest is no longer blind.
The orc hits you from afar with a +0 trident.
You closely miss the orc. The orc hits you but does no damage. x2
You closely miss the orc.
The orc hits you from afar with a +0 trident.
The orc hits you but does no damage.
The orc hits you from afar with a +0 trident.
The orc hits you but does no damage.
You hit the orc.
The orc is severely wounded.
The orc hits you from afar with a +0 trident.
You block the orc's attack.
You barely miss the orc.
The orc is severely wounded.
The orc hits you but does no damage. x2
You closely miss the orc.
The orc is severely wounded.
The orc hits you but does no damage. You block the orc's attack.
The orc hits you but does no damage. The orc barely misses you.
You hit the orc but do no damage.
The orc is severely wounded.
The orc priest invokes the aid of Beogh against you.
Beogh smites you!
* * * LOW HITPOINT WARNING * * *
The orc hits you from afar with a +0 trident.
* * * LOW HITPOINT WARNING * * *
The orc hits you but does no damage.
It was a potion of mutation.
You feel extremely strange.
You feel robust.
Your fingernails lengthen.
Your feet thicken and deform.
Fur sprouts all over your body.
It was a potion of flight.
You feel very buoyant.
You fly up into the air.
The orc priest casts a cantrip, but nothing happens.
The orc hits you with a +0 flail.
* * * LOW HITPOINT WARNING * * *
It was a potion of attraction.
You feel attractive to monsters. The orc hits you with a +0 flail.
You die...

#......# ......#
.....# ....# ..(# .o#
#)# ##o## #@o.#
#####.#.##
##.....#..#
##..#'#.)#.##
#########..##.##....#
#......#..##...##...#
#........##.....##..#
#........#⌠..♣..⌠#.##
#........##.....##.#


You could see an orc priest and 2 orcs.

Vanquished Creatures
  The ghost of JBAR the Skirmisher, a weakling DsAK of Lugonu (D:3)
  2 adders
  2 worms (D:2)
  A dart slug (D:2)
  An orc (D:3)
  5 ball pythons
  8 endoplasms
  6 hobgoblins
  3 jackals (D:2)
  4 bats
  6 frilled lizards
  12 goblins
  6 kobolds
  3 rats (D:3)
60 creatures vanquished.

Notes
Turn   | Place    | Note
-------+----------+-------------------------------------------
     0 | D:1      | mandarbmax the Gargoyle Fighter began the quest for the
                  | Orb.
     0 | D:1      | Reached XP level 1. HP: 14/14 MP: 1/1
   241 | D:1      | Reached XP level 2. HP: 18/19 MP: 2/2
   387 | D:1      | Found a faded altar of an unknown god.
   446 | D:1      | Reached skill level 3 in Maces & Flails
   490 | D:1      | Became a worshipper of Sif Muna the Loreminder
   490 | D:1      | Reached * piety under Sif Muna
   710 | D:1      | Reached XP level 3. HP: 18/23 MP: 3/3
  2075 | D:2      | Reached skill level 4 in Maces & Flails
  2195 | D:2      | Reached ** piety under Sif Muna
  2196 | D:2      | Reached XP level 4. HP: 17/28 MP: 4/4
  2728 | D:3      | Found an ornate altar of the Wu Jian Council.
  2735 | D:3      | Found a stormy altar of Qazlal.
  2865 | D:3      | Found a shimmering blue altar of Sif Muna.
  3033 | D:3      | Found a runed translucent door.
  3033 | D:3      | Noticed JBAR's ghost (weakling DsAK)
  3052 | D:3      | Killed JBAR's ghost
  3053 | D:3      | Reached skill level 5 in Maces & Flails
  3053 | D:3      | Reached XP level 5. HP: 28/32 MP: 5/5
  3108 | D:3      | Gained mutation: You are robust. (+10% HP) [potion of
                  | mutation]
  3108 | D:3      | Gained mutation: You have sharp fingernails. [potion of
                  | mutation]
  3108 | D:3      | Gained mutation: You have large cloven feet. [potion of
                  | mutation]
  3108 | D:3      | Gained mutation: You are covered in fur. (AC +1) [potion of
                  | mutation]
  3109 | D:3      | HP: 1/35 [orc (4)]
  3110 | D:3      | Slain by an orc

Illustrated notes

Levels and vault maps discovered:
D:1:      heliophobic_arrival_ceremonial_halls, layout_loops_corners,
          hellmonk_ecumenical_altar_arch_garden, minmay_misc_feat_encased
D:2:      layout_loops_corners, st_stairs_6, minmay_diced_spiral
D:3:      layout_basic, mainiacjoe_overflow_brackets,
          mainiacjoe_overflow_catch_the_wave, hellmonk_ghost_happy_afterlife

Skill      XL: |  1  2  3  4 |
---------------+-------------+-----
Maces & Flails | 3 4 5 |  5.2
Fighting       | |  3.2
Armour         | |  3.2
Shields        | |  3.2

Action                   |  1- 3 |  4- 6 || total
-------------------------+-------+-------++-------
Melee: Flail             |   138 |    58 ||   196
Throw: Dart              |       |     1 ||     1
  Use: Potion            |       |     4 ||     4
Armor: Scale mail        |    67 |    11 ||    78
       Plate armour      |       |    24 ||    24
Dodge: Dodged            |    54 |    11 ||    65
Block: Kite shield       |    96 |    34 ||   130
